 Dungeon Crawl Stone Soup version 0.30-a0-591-g3c58d2bc28 (webtiles) character file.

Game seed: 30363785502754439

3673 pokeman the Thaumaturge (level 9, -2/48 (50) HPs)
             Began as a Deep Elf Hedge Wizard on Jan 5, 2023.
             Slain by a wight
             ... wielding a +3 long sword
              (11 damage)
             ... on level 7 of the Dungeon.
             The game lasted 00:20:06 (8517 turns).

pokeman the Thaumaturge (Deep Elf Hedge Wizard)     Turns: 8517, Time: 00:20:07

HP:   -2/48 (50)    AC:  5    Str: 15    XL:     9   Next: 89%
MP:   21/26         EV: 14    Int: 24    God:
Gold: 440           SH:  0    Dex: 14    Spells: 23/31 levels left

rFire   . . .      SeeInvis .    x - +6 whip of Painful Death {drain, rC+ Str+2}
rCold   + . .      Faith    .    (no shield)
rNeg    . . .      Spirit   .    b - +0 robe
rPois   .          Reflect  .    c - +0 hat
rElec   .          Harm     .    v - +0 cloak
rCorr   .          Rampage  .    j - +0 pair of gloves
Will    .....                    h - +0 pair of boots
Stlth   +++                      (no amulet)
HPRegen 0.28/turn                p - +6 ring of strength
MPRegen 0.20/turn                (no ring)

@: on blink cooldown, lightly drained
A: no striking features
a: no special abilities


You were on level 7 of the Dungeon.
You visited 2 branches of the dungeon, and saw 8 of its levels.

You collected 440 gold pieces.

Inventory:

Hand Weapons
 m - a +1 dagger of venom
 t - a +1 dagger of chaos
 x - the +6 whip of Painful Death (weapon) {drain, rC+ Str+2}
   (You found it on level 4 of the Dungeon)

   Str:       It affects your strength (+2).
   rC:        It protects you from cold.
Missiles
 K - 2 throwing nets
Armour
 b - a +0 robe (worn)
 c - a +0 hat (worn)
 h - a +0 pair of boots (worn)
 j - a +0 pair of gloves (worn)
 v - a +0 cloak (worn)
Magical Staves
 w - a staff of fire
 C - a staff of air
 I - a staff of death
Jewellery
 p - a +6 ring of strength (left hand)
 F - a +5 ring of evasion
Wands
 J - a wand of flame (9)
Scrolls
 a - 6 scrolls of teleportation {unknown}
 e - 10 scrolls of identify {unknown}
 f - 2 scrolls of vulnerability {unknown}
 i - a scroll of butterflies {unknown}
 k - 2 scrolls of amnesia {unknown}
 l - a scroll of immolation {unknown}
 n - a scroll of fog {unknown}
 o - 2 scrolls of magic mapping {unknown}
 y - a scroll of fear {unknown}
 A - a scroll of torment {unknown}
 B - 2 scrolls of enchant armour {unknown}
 D - a scroll of enchant weapon {unknown}
 H - a scroll of brand weapon {unknown}
Potions
 d - a potion of magic
 g - 2 potions of degeneration {unknown}
 q - 2 potions of mutation {unknown}
 r - 5 potions of curing {unknown}
 s - a potion of flight {unknown}
 u - 3 potions of heal wounds {unknown}
 z - a potion of invisibility {unknown}
 E - a potion of attraction {unknown}
 G - a potion of might {unknown}
 L - a potion of cancellation {unknown}


   Skills:
 - Level 3.0 Fighting
 + Level 2.4 Armour
 - Level 5.0 Dodging
 - Level 4.0 Stealth
 * Level 11.5 Spellcasting
 + Level 6.3 Conjurations
 + Level 5.0 Summonings
 - Level 3.0 Necromancy
 - Level 1.1 Translocations
 + Level 4.6 Fire Magic
 - Level 1.0 Air Magic
 - Level 1.0 Poison Magic
 - Level 1.0 Evocations


You had 23 spell levels left.
You knew the following spells:

 Your Spells              Type           Power      Damage    Failure   Level
a - Magic Dart            Conj           100%       1d8       1%          1
b - Mephitic Cloud        Conj/Pois/Air  27%        N/A       4%          3
c - Call Imp              Summ           38%        N/A       1%          2
d - Blink                 Tloc           38%        N/A       4%          2

Your spell library contained the following spells:

 Spells                   Type           Power      Damage    Failure   Level
 Sublimation of Blood     Necr           28%        N/A       1%          2
 Cigotuvi's Dreadful Rot  Necr/Pois/Air  44%        N/A       3%          2
 Slow                     Hex            52%        N/A       4%          1
 Portal Projectile        Hex/Tloc       32%        N/A       11%         3
 Tukima's Dance           Hex            13%        N/A       14%         3
 Leda's Liquefaction      Hex/Erth       6%         N/A       41%         4
 Blade Hands              Tmut           6%         N/A       77%         5
 Lee's Rapid Deconstruct  Erth           6%         3d6*      77%         5


Dungeon Overview and Level Annotations

Branches:
Dungeon (7/15)             Temple (1/1) D:4

Altars:
Ashenzari
Cheibriados
Dithmenos
Elyvilon
Fedhas
Gozag
Hepliaklqana
Kikubaaqudgha
Makhleb
Okawaru
Qazlal
Ru
Sif Muna
Trog
Xom
Yredelemnul
Zin
The Shining One

Shops:
D:1 *


Message History

The phantom hits you but does no damage.
You barely miss the phantom.
The phantom is heavily damaged.
The phantom hits you but does no damage.
Unknown command.
You whack the phantom!
The phantom is severely damaged.
The phantom closely misses you.
You hit the phantom.
The phantom is severely damaged.
The phantom closely misses you.
The wight completely misses your crimson imp.
Your crimson imp barely misses the phantom.
The phantom attacks as you move away! The phantom closely misses you.
The wight hits your crimson imp with a +3 long sword.
Your crimson imp blinks!
The phantom attacks as you move away! The phantom closely misses you.
The wight barely misses your crimson imp.
Your crimson imp hits the phantom.
Your crimson imp barely misses the phantom.
You miss the phantom.
The phantom is almost destroyed.
The phantom hits you.
Your crimson imp hits the phantom.
The phantom hits you but does no damage.
You whack the phantom!
You destroy the phantom!
Your crimson imp completely misses the wight.
You hit the wight but do no damage.
The wight hits you with a +3 long sword!
* * * LOW HITPOINT WARNING * * *
You feel drained.
* * * LOW HITPOINT WARNING * * *
Your crimson imp barely misses the wight.
The wight completely misses you.
Unknown command.
Casting: Call Imp (safe; 1% risk of failure)
Confirm with . or Enter, or press ? or * to list all spells.
You blink.
Your crimson imp hits the wight.
The wight closely misses you.
The wight hits you with a +3 long sword!
You die...

. #.##.##.# .. # #.##.#
..##.##....# ........#..#
####.##)#..# # ### #####.......#
.... ...####.#.## ########
####.#####.####.#.# #.......
#.......##..@##.#.# #.#####.
#.##.##....#zz§...# #.##....
#.##.##.##..5#########.##....
#####.##........##.......#.......
......##~......###.#####.#.##.##.
####...).<.)#### #.......#.......
####.#####.).# #.##.........##.
..##.# #.))# #.##....#.#####.
#.##.# #...# #...............


You could see 2 wights and a friendly crimson imp (summoned).

Vanquished Creatures
  A manticore (D:7)
  Sigmund (D:3)
  A water moccasin (D:6)
  3 black bears
  An orc warrior (D:6)
  2 sky beasts
  4 ogres
  A centaur (D:7)
  3 phantoms
  A kobold brigand (D:7)
  3 bullfrogs
  2 scorpions
  A necrophage (D:5)
  2 wights (D:7)
  3 howler monkeys
  A crimson imp (D:3)
  2 orc priests (D:6)
  11 hounds
  A gnoll bouda (D:7)
  5 iguanas
  2 jellies
  An orc wizard (D:6)
  5 gnolls (D:7)
  9 adders
  A white imp (D:5)
  2 ufetubi
  4 worms
  8 dart slugs
  13 orcs
  5 bats
  4 endoplasms (D:1)
  2 giant cockroaches (D:4)
  7 goblins
  9 hobgoblins
  6 jackals
  10 kobolds
  7 quokkas
  9 ball pythons
  5 frilled lizards
  5 rats
163 creatures vanquished.

Vanquished Creatures (collateral kills)
  Edmund (D:4)
  An orc warrior (D:7)
  2 crimson imps (D:3)
  An orc (D:4)
5 creatures vanquished.

Vanquished Creatures (others)
  A goblin (D:4)
1 creature vanquished.

Grand Total: 169 creatures vanquished

Notes
Turn   | Place    | Note
-------+----------+-------------------------------------------
     0 | D:1      | pokeman the Deep Elf Hedge Wizard began the quest for the
                  | Orb.
     0 | D:1      | Reached XP level 1. HP: 10/10 MP: 7/7
    53 | D:1      | Found Ruynoad's Assorted Antiques.
   209 | D:1      | Reached XP level 2. HP: 16/16 MP: 3/9
   529 | D:1      | Reached skill level 5 in Spellcasting
   879 | D:1      | Reached XP level 3. HP: 18/20 MP: 11/11
  1495 | D:2      | Reached skill level 1 in Fighting
  1509 | D:2      | Reached skill level 1 in Armour
  2072 | D:2      | Reached XP level 4. HP: 25/25 MP: 8/13
  2251 | D:3      | Learned a level 3 spell: Mephitic Cloud
  2254 | D:3      | Learned a level 2 spell: Call Imp
  2257 | D:3      | Learned a level 2 spell: Blink
  2438 | D:3      | You fall into a shaft and drop 1 floor!
  2438 | D:4      | Found a staircase to the Ecumenical Temple.
  2448 | Temple   | Entered the Ecumenical Temple
  2560 | D:4      | Noticed Edmund
  2578 | D:4      | Killed Edmund
  2579 | D:4      | Reached skill level 6 in Spellcasting
  2579 | D:4      | Reached XP level 5. HP: 9/29 MP: 1/15
  2588 | D:4      | Noticed a phantom
  2694 | D:4      | Killed a phantom
  2695 | D:4      | Reached XP level 6. HP: 29/34 MP: 4/17
  2817 | D:4      | Found a bloodstained altar of Trog.
  2867 | D:4      | Found a white marble altar of Elyvilon.
  2888 | D:3      | Found an opulent altar of Gozag.
  2888 | D:3      | Noticed Sigmund
  2903 | D:3      | Killed Sigmund
  2904 | D:3      | Reached skill level 7 in Spellcasting
  3257 | D:3      | Reached skill level 1 in Air Magic
  3263 | D:3      | Reached skill level 1 in Poison Magic
  3438 | D:3      | Found a shimmering altar of Xom.
  3478 | D:3      | Reached XP level 7. HP: 18/37 MP: 0/20
  3484 | D:3      | Reached skill level 8 in Spellcasting
  3954 | D:4      | Found a shimmering blue altar of Sif Muna.
  4040 | D:4      | Found a snail-covered altar of Cheibriados.
  4357 | D:4      | Identified the +6 whip of Painful Death {drain, rC+ Str+2}
  4502 | D:4      | Found a glowing golden altar of the Shining One.
  4589 | D:4      | Found a stormy altar of Qazlal.
  4755 | D:4      | Reached skill level 1 in Fire Magic
  4970 | D:4      | Reached XP level 8. HP: 12/44 MP: 17/22
  5175 | D:5      | Entered Level 5 of the Dungeon
  5267 | D:5      | Found a sacrificial altar of Ru.
  5358 | D:5      | Reached skill level 9 in Spellcasting
  5985 | D:5      | Reached skill level 5 in Conjurations
  6001 | D:5      | Reached skill level 5 in Dodging
  6162 | D:5      | Got Wuimp's Folio of Gloom and Quicksand
  6505 | D:6      | Found a hazy altar of Hepliaklqana.
  6594 | D:5      | Reached skill level 10 in Spellcasting
  6664 | D:6      | Reached skill level 1 in Evocations
  6670 | D:6      | Reached XP level 9. HP: 33/49 MP: 16/25
  7452 | D:7      | Reached skill level 1 in Necromancy
  7842 | D:7      | Noticed a manticore
  7863 | D:7      | Killed a manticore
  7864 | D:7      | Reached skill level 11 in Spellcasting
  8496 | D:7      | Reached skill level 5 in Summonings
  8517 | D:7      | Slain by a wight

Illustrated notes

Levels and vault maps discovered:
D:1:      minmay_arrival_semitransparent, layout_basic, serial_shops,
          nicolae_square_shop, minivault_25, st_stairs_7, hangedman_decor_push
D:2:      layout_loops_ring, minmay_tripent
D:3:      layout_loops_ring, led_xom_imps, grunt_gozag_breadcrumbs, uniq_sigmund
D:4:      minmay_razor_zed, layout_basic, nicolae_overflow_crystal_walls,
          nicolae_tso_swordbearing_angel, kennysheep_mini_moat,
          mainiacjoe_overflow_big_doors, elyvilon_altar_4,
          minmay_temple_entry_statues_fountains, uniq_edmund
D:5:      layout_loops_ring, mainiacjoe_overflow_surrounded_room
D:6:      layout_loops_cross, mainiacjoe_overflow_catwalk
D:7:      layout_loops_cross, minmay_misc_feat_x, grunt_decor_mini_mirrors,
          st_stairs_5
Temple:   hellmonk_temple_of_storms

Skill      XL: |  1  2  3  4  5  6  7  8  9 |
---------------+----------------------------+-----
Spellcasting   | 5 6 7 8 10 11 | 11.5
Fighting       | 1 2 3 |  3.0
Conjurations   | 2 3 4 5 6 |  6.3
Armour         | 1 2 |  2.4
Dodging        | 3 4 5 |  5.0
Stealth        | 3 4 |  4.0
Air Magic      | 1 |  1.0
Poison Magic   | 1 |  1.0
Summonings     | 2 3 5 |  5.0
Fire Magic     | 1 3 4 |  4.6
Evocations     | 1 |  1.0
Necromancy     | 3 |  3.0
Translocations | |  1.1

Action                   |  1- 3 |  4- 6 |  7- 9 || total
-------------------------+-------+-------+-------++-------
Melee: Dagger            |    39 |    59 |    11 ||   109
       Long sword        |     8 |       |       ||     8
       Punch             |       |     1 |     2 ||     3
       Whip              |       |       |   145 ||   145
 Cast: Magic Dart        |    91 |    77 |   208 ||   376
       Mephitic Cloud    |       |     5 |    31 ||    36
       Call Imp          |       |     4 |     6 ||    10
       Blink             |       |     1 |     3 ||     4
Evoke: Wand              |       |       |    11 ||    11
 Stab: Sleeping          |     4 |       |       ||     4
       Confused          |       |     3 |    18 ||    21
Armor: Robe              |     6 |    11 |    55 ||    72
Dodge: Dodged            |    25 |    66 |   178 ||   269

Table legend: (Time is in decaauts)
 A = Elapsed time spent in this place.
 B = Non-inter-level travel time spent in this place.
 C = Inter-level travel time spent in this place.
 D = Time resting spent in this place.
 E = Time spent auto-exploring this place.
 F = Levels seen in this place.
 G = Mean time per level.
                   A        B        C        D        E       F      G
               +--------+--------+--------+--------+--------+-----+--------+
         Total |   8533 |   8360 |    173 |    416 |   6654 |   8 | 1066.6 |
       Dungeon |   8420 |   8253 |    167 |    346 |   6627 |   7 | 1202.9 |
        Temple |    113 |    107 |      6 |     70 |     27 |   1 |  113.0 |
               +--------+--------+--------+--------+--------+-----+--------+

Top non-repeatable levels by time:
     D:4: 1562 daAuts
     D:3: 1285 daAuts
     D:5: 1206 daAuts
     D:1: 1195 daAuts
     D:7: 1080 daAuts
     D:6: 1067 daAuts
     D:2: 1023 daAuts
  Temple: 113 daAuts
